 Dungeon Crawl Stone Soup version 0.31-a0-702-gf82c85558f (webtiles) character file.

Game seed: 17225901093320360135

115 qw the Shooter (level 5, -5/32 HPs)
             Began as a Gargoyle Hunter on Sept 7, 2023.
             Slain by a goblin
             ... wielding a +0 club
             ... led by Robin
              (6 damage)
             ... on level 2 of the Dungeon.
             The game lasted 00:00:39 (1197 turns).

qw the Shooter (Gargoyle Hunter)                    Turns: 1197, Time: 00:00:39

Health: -5/32      AC: 11    Str: 15    XL:     5   Next: 0%
Magic:  5/5        EV: 16    Int:  9    God:
Gold:   78         SH:  0    Dex: 15    Spells: 4/4 levels left

rFire   . . .        Y - +0 shortbow
rCold   . . .        (shield currently unavailable)
rNeg    + . .        h - +0 ring mail
rPois   inf          g - +1 helmet
rElec   +            (no cloak)
rCorr   .            (no gloves)
SInv    .            (no boots)
Will    .....        (no amulet)
Stlth   +            i - +5 ring of evasion
HPRegen 0.25/turn    (no ring)
MPRegen 0.09/turn

%: no passive effects
@: no status effects
A: sickness immunity, AC +4, negative energy resistance 1, electricity
resistance, torment resistance 1, petrification resistance
a: no special abilities


You were on level 2 of the Dungeon.
You visited 1 branch of the dungeon, and saw 2 of its levels.

You collected 78 gold pieces.


Innate Abilities, Weirdness & Mutations

You are immune to sickness and miasma.
Your stone body is resilient. (AC +4)
You are immune to poison.
You resist negative energy. (rN+)
You are resistant to electric shocks. (rElec)
You are resistant to unholy torment.
You are immune to petrification.


   Skills:
 - Level 3.1 Fighting
 + Level 5.5 Ranged Weapons
 - Level 1.1 Armour
 - Level 1.5 Dodging
 - Level 1.1 Stealth


You had 4 spell levels left.
You didn't know any spells.
Your spell library was empty.

Inventory:

Hand Weapons
 Y - a +0 shortbow (weapon)
Armour
 g - a +1 helmet (worn)
 h - a +0 ring mail (worn)
Jewellery
 i - a +5 ring of evasion (left hand)
Scrolls
 a - a scroll of blinking {unknown}
 b - a scroll of amnesia {unknown}
Potions
 f - a potion of enlightenment {unknown}
 j - a potion of lignification {unknown}
 k - a potion of brilliance {unknown}

Dungeon Overview and Level Annotations

Branches:
Dungeon (2/15)

Altars:


Message History

The jackal completely misses you.
You shoot an arrow.
The arrow hits the hobgoblin but does no damage.
The jackal misses you.
The goblin hits you but does no damage. x2
The goblin misses you. The hobgoblin closely misses you.
You shoot an arrow. The arrow hits the hobgoblin.
The hobgoblin is almost dead.
The jackal closely misses you. The goblin closely misses you.
The goblin completely misses you. The goblin hits you with a +0 club.
The hobgoblin hits you but does no damage.
The jackal misses you. The goblin closely misses you.
The goblin hits you with a +0 club. The hobgoblin misses you.
The goblin hits you but does no damage.
You shoot an arrow. The arrow closely misses the hobgoblin.
The arrow closely misses Robin.
The jackal closely misses you. The goblin misses you.
The jackal bites you but does no damage.
The hobgoblin closely misses you. The goblin closely misses you.
The goblin hits you but does no damage.
You shoot an arrow. The arrow hits the hobgoblin.
You kill the hobgoblin!
The jackal barely misses you. The jackal closely misses you.
The goblin hits you with a +0 club. The goblin closely misses you.
The goblin misses you.
You shoot an arrow.
The arrow hits the jackal but does no damage.
The jackal bites you. The jackal completely misses you.
The goblin closely misses you. The goblin barely misses you.
The goblin closely misses you. The jackal completely misses you.
The jackal barely misses you.
You shoot an arrow. The arrow closely misses the jackal.
The arrow hits Robin.
You kill Robin!
The jackal bites you but does no damage.
The goblin hits you but does no damage.
The jackal bites you but does no damage.
The goblin closely misses you. x2; The jackal misses you.
You have reached level 5!
You shoot an arrow. The arrow barely misses the jackal.
The jackal barely misses you. The goblin hits you with a +0 club.
You die...

#.....#
##..<.######
#..........
##....#####
####...#
#...>..# #
##.#.#.# ..)
#.#.#.#####)....
#.#.#..g@h)%)).#
#.#.#..ggh......
..#.##.####.#.##
#.#.#... #
###.##.#.
#.##.#.# #.. #
###


You could see 2 jackals and 3 goblins.

Vanquished Creatures
  Robin (D:2)
  An adder (D:2)
  4 gnolls (D:2)
  2 worms (D:2)
  A dart slug (D:1)
  3 endoplasms (D:1)
  9 goblins
  6 hobgoblins
  A jackal (D:2)
  A quokka (D:1)
  4 ball pythons (D:1)
  6 bats
  2 frilled lizards (D:1)
  6 kobolds
  4 rats
51 creatures vanquished.

Notes
Turn   | Place    | Note
-------+----------+-------------------------------------------
     0 | D:1      | qw the Gargoyle Hunter began the quest for the Orb.
     0 | D:1      | Reached XP level 1. HP: 12/12 MP: 1/1
     0 | D:1      | 0 ||| qw: Version: 0.3-a-76-g4403597
     0 | D:1      | 0 ||| qw: Game counter: 816
     0 | D:1      | 0 ||| qw: Melee chars always use a shield: true
     0 | D:1      | 0 ||| qw: God list: Okawaru
     0 | D:1      | 0 ||| qw: Allow faded altars: false
     0 | D:1      | 0 ||| qw: Do Orc after clearing Dungeon:15 true
     0 | D:1      | 0 ||| qw: Do second Lair branch before Depths: true
     0 | D:1      | 0 ||| qw: Lair rune preference: random
     0 | D:1      | 0 ||| qw: Goals: Normal
     0 | D:1      | 0 ||| PLANNING D:1-11
   176 | D:1      | Reached XP level 2. HP: 17/17 MP: 2/2
   589 | D:1      | Reached XP level 3. HP: 21/21 MP: 3/3
   688 | D:1      | 688 ||| UPGRADING to +1 helmet.
   693 | D:1      | 693 ||| UPGRADING to +0 ring mail.
   703 | D:1      | 703 ||| DROPPING +0 leather armour.
   704 | D:1      | 704 ||| UPGRADING to +5 ring of evasion.
   705 | D:1      | 705 ||| READING scroll labelled OPLUNT OPOBB.
   806 | D:1      | 806 ||| READING scroll labelled LUUCIDATZO.
   807 | D:1      | 807 ||| DROPPING scroll of butterflies.
   917 | D:2      | Reached skill level 1 in Armour
   940 | D:2      | Reached skill level 5 in Ranged Weapons
  1030 | D:2      | Reached XP level 4. HP: 27/27 MP: 4/4
  1041 | D:2      | Reached skill level 3 in Fighting
  1171 | D:2      | Noticed Robin
  1192 | D:2      | HP: 6/28 [goblin/+0 club[Robin] (5)]
  1194 | D:2      | HP: 2/28 [goblin/+0 club[Robin] (2)]
  1196 | D:2      | Killed Robin
  1197 | D:2      | Reached XP level 5. HP: 1/32 MP: 5/5
  1197 | D:2      | Slain by a goblin

Levels and vault maps discovered:
D:1:      wander_arrival_lonely_grave, layout_loops_ring
D:2:      layout_basic, uniq_robin

Skill      XL: |  1  2  3  4 |
---------------+-------------+-----
Armour         | 1 |  1.1
Ranged Weapons | 5 |  5.5
Fighting       | 3 |  3.1
Dodging        | |  1.5
Stealth        | |  1.1

Action                     |  1- 3 |  4- 6 || total
---------------------------+-------+-------++-------
   Fire: Shortbow          |   131 |    58 ||   189
    Use: Scroll            |     2 |       ||     2
 Armour: Leather armour    |    33 |       ||    33
         Ring mail         |    15 |    41 ||    56
  Dodge: Dodged            |    52 |    94 ||   146

Table legend:
 A = Non-vault XP
 B = Vault XP
 C = Vault XP percentage of total XP
 D = Non-vault monster count
 E = Vault monster count
 F = Vault count percentage of total count
                 A         B        C        D         E       F
            +---------+---------+-------+---------+---------+-------
      Total |     133 |      32 |  19.4 |      41 |      10 |  19.6
            +---------+---------+-------+---------+---------+-------
        D:1 |      35 |       0 |   0.0 |      23 |       0 |   0.0
        D:2 |      98 |      32 |  24.6 |      18 |      10 |  35.7
            +---------+---------+-------+---------+---------+-------
